Map: Eternal Empire LE

Players

aDiclonius

  • Race: Terran Terran
  • Spawn Location: 7:00

MikeHawk - Winner!

  • Race: Terran Terran
  • League: Diamond
  • Spawn Location: 1:00

VOD

https://www.twitch.tv/videos/522327256?t=2h45m9s

Description

Time

  • Played on: Dec. 16, 2019, 1:51 p.m.
  • Length: 8:29
Show
View Real Time Build Order
Export as new Build Order

aDiclonius Terran 

Build Orders: Reaper Expand 

Get SALT Encoding   

  12  0:01  SCV  
  13  0:13  SCV  
  14  0:18  Supply Depot  
  14  0:25  SCV  
  15  0:39  SCV  
  15  0:41  Barracks  
  16  0:48  Refinery  
  16  0:51  SCV  
  17  1:03  SCV  
  18  1:15  SCV  
  19  1:28  Orbital Command  
  19  1:32  Reaper  
  20  1:35  Refinery  
  20  1:54  Command Center  
  20  2:06  Factory  
  20  2:09  SCV  
  20  2:13  Barracks Reactor  
  21  2:19  Supply Depot  
  21  2:24  SCV  
  22  2:36  SCV  
  23  2:48  SCV  
  23  2:50  Marine  
  23  2:51  Marine  
  26  2:53  Starport  
  26  2:58  Factory Tech Lab  
  26  3:00  SCV  
  26  3:08  Marine x2  
  28  3:18  Orbital Command  
  28  3:26  Marine x2  
  29  3:35  Hellion  
  29  3:41  Raven  
  33  3:44  Marine x2  
  35  3:49  SCV  
  35  3:53  Supply Depot  
  36  3:57  Hellion  
  36  3:59  SCV  
  39  4:07  Orbital Command, Marine x2  
  38  4:21  Factory Tech Lab  
  37  4:27  Barracks  
  37  4:31  SCV  
  37  4:32  Barracks  
  37  4:36  SCV  
  39  4:42  Starport Reactor  
  39  4:45  SCV  
  40  4:48  SCV  
  40  4:49  Siege Tank  
  43  4:57  SCV  
  43  4:59  Marine x2  
  46  5:00  SCV  
  47  5:08  Supply Depot  
  47  5:09  SCV  
  47  5:12  SCV  
  49  5:21  SCV  
  49  5:22  Stimpack, Marine x2  
  49  5:23  Barracks Reactor  
  49  5:24  SCV  
  53  5:29  Siege Tank  
  53  5:30  Marine  
  53  5:32  Medivac x2  
  53  5:33  Supply Depot  
  53  5:34  SCV  
  62  5:45  Engineering Bay x2  
  62  5:52  Supply Depot  
  62  5:54  Refinery  
  62  5:55  SCV x2  
  64  5:58  Supply Depot  
  64  6:04  Siege Tank  
  64  6:05  Marine x3  
  64  6:09  Marine x2  
  70  6:14  SCV  
  70  6:18  Supply Depot, Terran Infantry Weapons Level 1, Terran Infantry Armor Level 1  
  71  6:24  SCV  
  70  6:29  SCV  
  70  6:30  Refinery  
  71  6:35  Marine x2  
  71  6:36  Marine x3  
  71  6:38  Siege Tank  
  71  6:39  SCV  
  80  6:51  SCV x2  
  82  6:57  Supply Depot  
  82  6:59  Marine x5  
  82  7:00  Supply Depot  
  87  7:01  Combat Shield  
  87  7:03  SCV  
  88  7:13  SCV  
  89  7:20  Marine x2  
  89  7:21  Marine, Command Center  
  92  7:27  Marine x2  
  92  7:28  SCV  
  92  7:29  SCV  
  96  7:37  Siege Tank  
  96  7:38  Medivac  
  96  7:39  Marine  
  96  7:40  Marine  
  103  7:44  Marine  
  103  7:49  Supply Depot, Armory  
  104  7:52  Supply Depot  
  104  7:56  Marine x2  
  106  8:01  SCV  
  107  8:07  Marine  
  107  8:08  Marine x2  
Show
View Real Time Build Order
Export as new Build Order

MikeHawk Terran - Winner!

Build Orders:  

Get SALT Encoding   

  12  0:00  SCV  
  13  0:13  SCV  
  14  0:17  Supply Depot  
  14  0:25  SCV  
  15  0:29  Refinery  
  15  0:39  SCV  
  16  0:45  Barracks  
  16  0:51  SCV  
  17  1:01  Refinery  
  17  1:03  SCV  
  18  1:15  SCV  
  19  1:32  Orbital Command  
  19  1:33  Factory  
  19  1:37  Reaper  
  20  1:47  Supply Depot  
  20  1:58  SCV  
  21  2:10  Reaper, SCV  
  23  2:17  Hellion  
  23  2:22  SCV  
  26  2:33  Command Center  
  26  2:36  SCV  
  27  2:42  Reaper  
  28  2:45  Hellion  
  28  2:50  Supply Depot  
  30  2:53  SCV  
  31  3:01  Starport  
  31  3:08  Factory Tech Lab  
  31  3:11  SCV  
  32  3:14  Barracks Tech Lab  
  32  3:23  SCV  
  33  3:35  Cyclone  
  33  3:36  SCV  
  37  3:45  Raven  
  37  3:48  SCV  
  40  3:51  Barracks Reactor  
  40  3:53  Orbital Command  
  40  4:00  SCV  
  41  4:06  Command Center  
  41  4:12  Siege Tank, SCV  
  43  4:21  SCV  
  43  4:24  SCV  
  44  4:32  Barracks  
  44  4:34  SCV  
  44  4:35  Barracks  
  44  4:36  SCV  
  46  4:40  Starport Reactor, Marine, Stimpack  
  47  4:46  SCV  
  47  4:48  SCV  
  47  4:49  Supply Depot  
  49  4:58  Marine, SCV  
  51  5:00  Siege Tank  
  51  5:03  Refinery  
  51  5:05  Refinery  
  54  5:10  SCV  
  54  5:11  SCV  
  54  5:13  Engineering Bay  
  56  5:14  Engineering Bay  
  56  5:22  Orbital Command  
  56  5:23  SCV x2  
  56  5:26  Starport Reactor  
  58  5:30  Marine x5  
  58  5:35  Siege Tank  
  66  5:37  SCV  
  66  5:39  SCV  
  68  5:48  Terran Infantry Weapons Level 1  
  68  5:49  SCV  
  69  5:51  Supply Depot, SCV x2  
  69  5:52  Terran Infantry Armor Level 1  
  69  5:55  Marine x2  
  69  5:57  Marine  
  73  5:59  Marine x2  
  76  6:04  Supply Depot  
  76  6:12  Supply Depot, Siege Tank  
  76  6:17  Marine x2  
  76  6:18  Marine x3  
  83  6:25  Medivac  
  85  6:26  Medivac  
  85  6:31  Supply Depot  
  87  6:33  Supply Depot  
  87  6:35  Marine x4  
  87  6:36  Marine, Combat Shield  
  92  6:44  Siege Tank  
  95  6:53  Marine x2  
  97  6:55  Marine x3  
  97  6:59  Medivac  
  97  7:00  Medivac  
  104  7:10  Supply Depot x2  
  104  7:11  Marine, SCV  
  104  7:12  Barracks, SCV  
  104  7:13  Barracks  
  104  7:14  SCV  
  108  7:20  Armory  
  108  7:21  Marine x2  
  110  7:24  Marine  
  110  7:25  Marine  
  115  7:30  Siege Tank  
  117  7:41  Orbital Command  
  115  7:46  Supply Depot x2  
  115  7:47  SCV x2  
  115  7:48  Marine x5  
  122  7:59  SCV x2  
  126  8:06  Barracks Reactor x2, Marine x4  
  126  8:09  SCV  
  126  8:11  SCV x2  
Tags
 
League
Diamond
Matchup
TvT
Race
Terran
Spawn Locations
Cross Positions
Add a new tag
Caveats
  • Supply blocks, unpowered buildings, or Contaminate may cause inaccurate times.
  • Supply counts are checked every 10 seconds.